 Dungeon Crawl Stone Soup version 0.24.0-123-gd5b16e6ec5 (console) character file.

Game seed: 4151242127598187965, levelgen mode: deterministic

7529 Ignak the Thaumaturge (level 11, -3/81 HPs)
             Began as a Gnoll Wizard on Dec 20, 2019.
             Was a Priest of Sif Muna.
             Slain by a small abomination (6 damage)
             ... in a Gauntlet on Jan 7, 2020.
             The game lasted 00:59:51 (12989 turns).

Ignak the Thaumaturge (Gnoll Wizard)               Turns: 12989, Time: 00:59:52

Health: -3/81      AC: 14    Str: 10    XL:     11   Next: 16%
Magic:  15/24      EV: 16    Int: 23    God:    Sif Muna [***...]
Gold:   655        SH:  0    Dex: 14    Spells: 3/28 levels left

rFire    . . .     SeeInvis .   t - +1 morningstar (holy)
rCold    . . .     Gourm    .   (no shield)
rNeg     + . .     Faith    .   H - +3 leather armour {MR+}
rPois    +         Spirit   .   f - +2 helmet
rElec    .         Reflect  .   D - +2 cloak
rCorr    .         Harm     .   (no gloves)
MR       +....     NoTele   +   m - +0 pair of boots
Stlth    +++.......             (no amulet)
HPRegen  1.23/turn              e - ring of poison resistance
MPRegen  0.19/turn              i - ring of positive energy

@: regenerating
A: distributed training, fangs 1, strong nose
a: Channel Magic, Forget Spell, Renounce Religion


You were in a Gauntlet.
You worshipped Sif Muna.
Sif Muna was most pleased with you.
You were not hungry.

You visited 2 branches of the dungeon, and saw 12 of its levels.
You also visited: Gauntlet.

You collected 655 gold pieces.

Inventory:

Hand Weapons
 a - a +4 scimitar of freezing
 b - a +5 spear
 t - a +1 morningstar of holy wrath (weapon)
Missiles
 F - 30 poisoned darts (quivered)
Armour
 f - a +2 helmet (worn)
 m - a +0 pair of boots (worn)
 D - a +2 cloak (worn)
 H - a +3 leather armour of magic resistance (worn)
Magical Staves
 x - an uncursed staff of summoning
 C - an uncursed staff of air
Jewellery
 e - a ring of poison resistance (left hand)
 i - a ring of positive energy (right hand)
 k - an uncursed ring of positive energy
 s - an uncursed ring of stealth
Wands
 n - a wand of enslavement (14)
 q - a wand of random effects (23)
 v - a wand of polymorph (18)
 y - a wand of flame (19)
 A - a wand of acid (11)
 G - a wand of paralysis (14)
Scrolls
 c - 3 scrolls of blinking
 g - 2 scrolls of fear
 h - 5 scrolls of teleportation
 o - 3 scrolls of remove curse
 p - 8 scrolls of identify
 r - a scroll of amnesia
 z - 3 scrolls of magic mapping
 B - a scroll of fog
Potions
 j - a potion of invisibility
 l - 4 potions of might
 u - a potion of cancellation
 w - a potion of heal wounds
 E - a potion of haste
Comestibles
 d - 18 rations


   Skills:
 + Level 5.9 Fighting
 + Level 5.9 Short Blades
 + Level 5.9 Long Blades
 + Level 5.9 Axes
 + Level 5.9 Maces & Flails
 + Level 5.9 Polearms
 + Level 5.9 Staves
 + Level 5.9 Slings
 + Level 5.9 Bows
 + Level 5.9 Crossbows
 + Level 5.9 Throwing
 + Level 5.9 Armour
 + Level 7.6 Dodging
 + Level 7.3 Stealth
 + Level 5.9 Shields
 + Level 5.9 Unarmed Combat
 + Level 9.3 Spellcasting
 + Level 5.4 Conjurations
 + Level 4.9 Hexes
 + Level 4.9 Charms
 + Level 5.4 Summonings
 + Level 4.9 Necromancy
 + Level 5.4 Translocations
 + Level 4.9 Transmutations
 + Level 4.9 Fire Magic
 + Level 4.9 Ice Magic
 + Level 4.9 Air Magic
 + Level 4.9 Earth Magic
 + Level 4.9 Poison Magic
 + Level 6.5 Invocations
 + Level 5.9 Evocations


You had 3 spell levels left.
You knew the following spells:

 Your Spells              Type           Power        Failure   Level  Hunger
a - Searing Ray           Conj           #####.       1%          2    None
b - Blink                 Tloc           N/A          1%          2    None
c - Conjure Flame         Conj/Fire      ####....     2%          3    None
d - Mephitic Cloud        Conj/Pois/Air  ####....     2%          3    None
e - Call Imp              Summ           #####...     1%          2    None
f - Dazzling Spray        Conj/Hex       ####..       2%          3    None
g - Vampiric Draining     Necr           ####......   3%          3    None
q - Regeneration          Chrm/Necr      ####......   3%          3    None
t - Fulminant Prism       Conj/Hex       ####......   9%          4    ##.....

Your spell library contained the following spells:

 Spells                   Type           Power        Failure   Level  Hunger
 Animate Skeleton         Necr           N/A          1%          1    None
 Magic Dart               Conj           ####         1%          1    None
 Pain                     Necr           ####         1%          1    None
 Slow                     Hex            ####....     1%          2    None
 Force Lance              Conj/Tloc      #####...     9%          4    ##.....
 Iskenderun's Mystic Bla  Conj           #####...     9%          4    ##.....
 Animate Dead             Necr           N/A          10%         4    ##.....


Dungeon Overview and Level Annotations

Branches:
Dungeon (11/15)            Temple (1/1) D:6            Lair (0/6) D:10
    Orc (0/2) D:10        Gauntlet (1/1)

Altars:
Fedhas
Gozag
Kikubaaqudgha
Qazlal
Sif Muna
Trog
Uskayaw
Vehumet

Shops:
D:5 [

Annotations:
D:8 Gastronok
D:11 1 runed translucent door, Erica Gauntlet 16 transporters, 21 runed translucent doors, exclusion: orange crystal statue


Innate Abilities, Weirdness & Mutations

Your experience applies equally to all skills.
You have very sharp teeth.
Your uncanny sense of smell can sniff out nearby items.


Message History

Here: a large abomination (flame, lightly damaged)
The floor.
You puncture the large abomination!
The large abomination convulses!
The large abomination is heavily damaged.
The small abomination is engulfed in blazing flames.
The small abomination hits you!
The large abomination is engulfed in blazing flames.
The large abomination hits you.
Casting: Conjure Flame (safe; 2% risk of failure)
Confirm with . or Enter, or press ? or * to list all spells.
Your skin crawls.
The small abomination is engulfed in blazing flames.
The small abomination hits you!
* * * LOW HITPOINT WARNING * * *
The large abomination is engulfed in blazing flames.
The large abomination hits you!!
* * * LOW HITPOINT WARNING * * *
The small abomination is engulfed in blazing flames.
The small abomination hits you.
You die...

....#.#.........#.# ..
####################### ##
...........©#≈≈≈≈8§§§≈ ..
##################### ##
#§≈8≈≈#©.........©.........©#§§8≈
#################################
#...+..+..#.#.....##©##.#...x#..#
#...+..+..#.#..###.##.#.#...#..#P
#=.##++#++#.#.##@##.#.#.#..#..#P.
#?.+...+..#.#.#x#X#.#.#.#.#..#..#
#©.+...#.©#.#.#..©#.#.#.##.©#..#.
#..+...+..#.#.#.#.#.#.#.#.#..#..#
#..##++#++#.#[#x##.##.#.#..#..#..
#..Z+..+..#.#.##.###x.#.#x..#..#.
#..s+..+..#.#.!##...X.#.#xx..#..#
###########.###########.#########
.................©...............


You could see a large abomination and 2 small abominations.

Vanquished Creatures
  A two-headed ogre (D:9)
  An unseen horror (D:10)
  The ghost of Britaniac the Summoner, a novice MfIE of Okawaru (D:8)
  An oklob plant (D:9)
  Joseph (D:10)
  A spriggan (D:10)
  A water moccasin (D:5)
  2 orc warriors
  3 ice beasts
  3 phantoms
  A necrophage (D:9)
  A black bear (D:6)
  7 ogres
  5 centaurs
  2 big kobolds
  4 bullfrogs
  A water moccasin zombie (D:8)
  4 scorpions
  9 wights
  13 killer bees
  2 howler monkeys
  6 crimson imps
  2 bullfrog zombies (D:9)
  A centaur zombie (D:5)
  4 orc priests
  Crazy Yiuf (D:5)
  2 bullfrog skeletons
  2 hounds (D:7)
  4 orc wizards
  2 centaur skeletons
  An iguana (D:10)
  2 worker ants (D:7)
  A hound zombie (D:7)
  2 worker ant zombies
  9 adders
  A shadow imp (D:10)
  An ooze (D:2)
  3 worms
  2 dart slugs
  4 leopard geckos
  15 orcs
  4 bats
  3 giant cockroaches
  5 hobgoblins
  4 jackals
  7 kobolds
  3 quokkas
  3 ball pythons
  3 frilled lizards
  2 giant cockroach zombies
  4 goblins
  A jackal skeleton (D:5)
  2 leopard gecko zombies
  2 quokka zombies
  7 rats (D:1)
  A bush (D:9)
  3 plants (D:9)
183 creatures vanquished.

Vanquished Creatures (collateral kills)
  Sigmund (D:4)
  A yak (D:11)
  A water moccasin (D:7)
  An ice beast (D:5)
  2 ogres
  A centaur (D:5)
  A bullfrog (D:9)
  3 killer bees (D:8)
  A howler monkey (D:7)
  2 jellies
  A hound (D:4)
  3 worker ants
  A hound skeleton (D:9)
  6 adders
  3 worms
  A dart slug (D:3)
  A leopard gecko (D:4)
  3 orcs
  3 giant cockroaches
  9 goblins (D:3)
  6 hobgoblins
  5 kobolds
  A quokka (D:5)
  2 ball pythons (D:4)
  A quokka skeleton (D:4)
  3 rats
63 creatures vanquished.

Vanquished Creatures (others)
  2 yaks (D:11)
  A killer bee (D:10)
  A jelly (D:11)
  13 demonic plants (Gauntlet)
  6 fulminant prisms (D:10)
  14 toadstools (D:9)
37 creatures vanquished.

Grand Total: 283 creatures vanquished

Notes
Turn   | Place    | Note
-------+----------+-------------------------------------------
     0 | D:1      | Ignak the Gnoll Wizard began the quest for the Orb.
     0 | D:1      | Reached XP level 1. HP: 13/13 MP: 8/8
   442 | D:1      | Reached XP level 2. HP: 18/19 MP: 7/10
   454 | D:1      | Learned a level 2 spell: Blink
   457 | D:1      | Learned a level 2 spell: Call Imp
  1367 | D:2      | Reached XP level 3. HP: 21/25 MP: 7/11
  1493 | D:2      | Reached skill level 1 in Invocations
  1938 | D:3      | Reached skill level 1 in Fighting
  1938 | D:3      | Reached skill level 1 in Short Blades
  1938 | D:3      | Reached skill level 1 in Long Blades
  1938 | D:3      | Reached skill level 1 in Axes
  1938 | D:3      | Reached skill level 1 in Maces & Flails
  1938 | D:3      | Reached skill level 1 in Polearms
  1938 | D:3      | Reached skill level 1 in Staves
  1938 | D:3      | Reached skill level 1 in Slings
  1938 | D:3      | Reached skill level 1 in Bows
  1938 | D:3      | Reached skill level 1 in Crossbows
  1938 | D:3      | Reached skill level 1 in Throwing
  1938 | D:3      | Reached skill level 1 in Armour
  1938 | D:3      | Reached skill level 1 in Shields
  1938 | D:3      | Reached skill level 1 in Unarmed Combat
  1938 | D:3      | Reached skill level 1 in Evocations
  1938 | D:3      | Reached XP level 4. HP: 27/32 MP: 8/13
  2434 | D:3      | Learned a level 3 spell: Conjure Flame
  2438 | D:3      | Learned a level 3 spell: Mephitic Cloud
  2853 | D:3      | Reached skill level 1 in Hexes
  2853 | D:3      | Reached skill level 1 in Charms
  2853 | D:3      | Reached skill level 1 in Necromancy
  2853 | D:3      | Reached skill level 1 in Transmutations
  2853 | D:3      | Reached skill level 1 in Fire Magic
  2853 | D:3      | Reached skill level 1 in Ice Magic
  2853 | D:3      | Reached skill level 1 in Air Magic
  2853 | D:3      | Reached skill level 1 in Earth Magic
  2853 | D:3      | Reached skill level 1 in Poison Magic
  3029 | D:3      | Reached XP level 5. HP: 25/37 MP: 8/14
  3286 | D:4      | You fall into a shaft and drop 1 floor!
  3286 | D:5      | Entered Level 5 of the Dungeon
  3354 | D:4      | Noticed an ogre
  3371 | D:4      | Noticed a phantom
  3419 | D:4      | Noticed Sigmund
  3436 | D:4      | Killed Sigmund
  3436 | D:4      | Reached XP level 6. HP: 33/44 MP: 12/16
  3460 | D:4      | Noticed a phantom
  3636 | D:3      | Reached skill level 5 in Dodging
  4280 | D:4      | Found a radiant altar of Vehumet.
  4740 | D:4      | Killed a phantom
  4740 | D:4      | Reached XP level 7. HP: 11/50 MP: 0/18
  5421 | D:5      | Found Pyjiamet's Armour Shop.
  5873 | D:5      | Reached skill level 5 in Stealth
  6063 | D:5      | Reached XP level 8. HP: 57/57 MP: 19/19
  6093 | D:5      | Found a runed translucent door.
  6094 | D:5      | Noticed Crazy Yiuf
  6103 | D:5      | Killed Crazy Yiuf
  6600 | D:5      | Found a stormy altar of Qazlal.
  7081 | D:6      | Reached skill level 8 in Spellcasting
  7312 | D:6      | Found a staircase to the Ecumenical Temple.
  7370 | Temple   | Entered the Ecumenical Temple
  7421 | Temple   | Became a worshipper of Sif Muna the Loreminder
  7622 | D:6      | Learned a level 2 spell: Searing Ray
  7832 | D:6      | Reached XP level 9. HP: 65/65 MP: 13/21
  8684 | D:8      | Reached * piety under Sif Muna
  8788 | D:7      | Learned a level 3 spell: Regeneration
  9017 | D:8      | Found an opulent altar of Gozag.
  9131 | D:8      | Noticed Gastronok
  9423 | D:8      | Reached skill level 5 in Invocations
  9695 | D:8      | Reached XP level 10. HP: 64/73 MP: 22/22
  9812 | D:8      | Found a large runed translucent door.
  9812 | D:8      | Found a large runed translucent door.
  9813 | D:8      | Noticed Britaniac's ghost (novice MfIE)
  9920 | D:8      | Killed Britaniac's ghost
 10247 | D:9      | Learned a level 3 spell: Vampiric Draining
 10268 | D:9      | Found a blossoming altar of Fedhas.
 10289 | D:9      | Noticed an oklob plant
 10587 | D:9      | Killed an oklob plant
 10587 | D:9      | Reached skill level 5 in Fighting
 10587 | D:9      | Reached skill level 5 in Short Blades
 10587 | D:9      | Reached skill level 5 in Long Blades
 10587 | D:9      | Reached skill level 5 in Axes
 10587 | D:9      | Reached skill level 5 in Maces & Flails
 10587 | D:9      | Reached skill level 5 in Polearms
 10587 | D:9      | Reached skill level 5 in Staves
 10587 | D:9      | Reached skill level 5 in Slings
 10587 | D:9      | Reached skill level 5 in Bows
 10587 | D:9      | Reached skill level 5 in Crossbows
 10587 | D:9      | Reached skill level 5 in Throwing
 10587 | D:9      | Reached skill level 5 in Armour
 10587 | D:9      | Reached skill level 5 in Shields
 10587 | D:9      | Reached skill level 5 in Unarmed Combat
 10587 | D:9      | Reached skill level 5 in Evocations
 10647 | D:9      | Reached ** piety under Sif Muna
 11073 | D:9      | Noticed a two-headed ogre
 11098 | D:9      | Reached skill level 9 in Spellcasting
 11126 | D:9      | Killed a two-headed ogre
 11126 | D:9      | Reached skill level 5 in Conjurations
 11126 | D:9      | Reached skill level 5 in Summonings
 11126 | D:9      | Reached skill level 5 in Translocations
 11468 | D:10     | Entered Level 10 of the Dungeon
 11468 | D:10     | Found a staircase to the Lair.
 11979 | D:10     | Noticed Joseph
 11980 | D:10     | Found a staircase to the Orcish Mines.
 11990 | D:10     | Killed Joseph
 11990 | D:10     | Reached XP level 11. HP: 79/81 MP: 22/24
 12005 | D:10     | Learned a level 4 spell: Fulminant Prism
 12217 | D:10     | Killed an unseen horror
 12573 | D:11     | Noticed Erica
 12577 | D:11     | Reached *** piety under Sif Muna
 12580 | D:11     | Found a runed translucent door.
 12600 | D:11     | Found a gate leading to a gauntlet.
 12609 | Gauntlet | Entered a Gauntlet
 12609 | Gauntlet | Found a transporter.
 12614 | Gauntlet | Learned a level 3 spell: Dazzling Spray
 12614 | Gauntlet | Found a large runed translucent door.
 12615 | Gauntlet | Found a large runed translucent door.
 12616 | Gauntlet | Found a large runed translucent door.
 12616 | Gauntlet | Found a large runed translucent door.
 12616 | Gauntlet | Found a runed translucent door.
 12616 | Gauntlet | Found a runed translucent door.
 12616 | Gauntlet | Noticed a large abomination
 12617 | Gauntlet | Found a large runed translucent door.
 12618 | Gauntlet | Found a large runed translucent door.
 12619 | Gauntlet | Found a large runed translucent door.
 12619 | Gauntlet | Found a large runed translucent door.
 12620 | Gauntlet | Found a runed translucent gate.
 12620 | Gauntlet | Found a runed translucent gate.
 12620 | Gauntlet | Found a runed translucent gate.
 12621 | Gauntlet | Noticed a death scarab
 12622 | Gauntlet | Found a transporter.
 12631 | Gauntlet | Found a large runed translucent door.
 12631 | Gauntlet | Found a large runed translucent door.
 12632 | Gauntlet | Found a large runed translucent door.
 12633 | Gauntlet | Found a large runed translucent door.
 12637 | Gauntlet | Found a transporter.
 12639 | Gauntlet | Noticed a spectral catoblepas
 12642 | Gauntlet | Found a transporter.
 12683 | Gauntlet | Found a large runed translucent door.
 12683 | Gauntlet | Found a large runed translucent door.
 12684 | Gauntlet | Found a large runed translucent door.
 12685 | Gauntlet | Found a large runed translucent door.
 12687 | Gauntlet | Found a transporter.
 12689 | Gauntlet | Found a transporter.
 12709 | Gauntlet | Noticed a large abomination
 12720 | Gauntlet | Found a transporter.
 12735 | Gauntlet | Found a transporter.
 12740 | Gauntlet | Found a transporter.
 12754 | Gauntlet | Noticed a dire elephant
 12755 | Gauntlet | Found a transporter.
 12774 | Gauntlet | Found a transporter.
 12782 | Gauntlet | Noticed a wizard
 12786 | Gauntlet | Found a transporter.
 12789 | Gauntlet | Noticed a wizard
 12800 | Gauntlet | Found a transporter.
 12805 | Gauntlet | Noticed an anaconda
 12805 | Gauntlet | an eye of devastation changed into an anaconda
 12808 | Gauntlet | Noticed a death scarab
 12812 | Gauntlet | Found a transporter.
 12813 | Gauntlet | Noticed a fire dragon
 12813 | Gauntlet | an anaconda changed into a fire dragon
 12816 | Gauntlet | Noticed a death scarab
 12824 | Gauntlet | Found a transporter.
 12824 | Gauntlet | Noticed an orange crystal statue
 12917 | Gauntlet | Found a transporter.
 12919 | Gauntlet | Found a transporter.
 12989 | Gauntlet | HP: 3/81 [large abomination (21)]
 12989 | Gauntlet | Slain by a small abomination

Levels and vault maps discovered:
D:1:      kilobyte_arrival_exit_the_forest, layout_loops_corners
D:2:      layout_basic, first_ration
D:3:      cheibrodos_greedy_goblins, layout_basic
D:4:      layout_basic, fiery_altar_vehumet, lightli_sewer_entry_pipes,
          uniq_sigmund
D:5:      layout_layer_cave, nicolae_qazlal_eye_of_the_storm, serial_shops,
          shop, uniq_crazy_yiuf_cottage
D:6:      layout_loops_corners, minmay_temple_entry_statues_fountains,
          kennysheep_generic_room_7
D:7:      layout_rooms
D:8:      layout_basic, nicolae_gozag_seed_capital, ebering_ghost_disaster_area,
          uniq_gastronok
D:9:      layout_layer_cave, tgw_fedhas
D:10:     layout_irregular_city, lair_entry_dummy, orc_0_dummy, the_bakery,
          uniq_joseph
D:11:     layout_cave_pods, special_room [special_room_bee],
          ebering_ghost_reflecting_pool, nicolae_trove_entry_crossroad,
          gauntlet_entry_generic, minmay_splitting_lines, uniq_erica
Temple:   dpeg_five_rooms_temple
Gauntlet: gammafunk_gauntlet_one_two_three [gammafunk_gauntlet_arena_spirals,
          minmay_gauntlet_arena_make_your_own_arena,
          gammafunk_gauntlet_arena_arrow_garden,
          gammafunk_gauntlet_arena_crates, nicolae_gauntlet_arena_t_cross,
          nicolae_gauntlet_arena_quarters, nicolae_gauntlet_arena_flowing_pool,
          gammafunk_gauntlet_arena_teeth,
          gammafunk_gauntlet_arena_split_diamond,
          nicolae_gauntlet_exit_dead_adventurers]

Skill      XL: |  1  2  3  4  5  6  7  8  9 10 |
---------------+-------------------------------+-----
Conjurations   | 2 3 4 5 |  5.4
Summonings     | 2 3 4 5 |  5.4
Translocations | 2 3 4 5 |  5.4
Invocations    | 1 2 3 4 5 6 |  6.5
Fighting       | 1 2 3 4 5 |  5.9
Short Blades   | 1 2 3 4 5 |  5.9
Long Blades    | 1 2 3 4 5 |  5.9
Axes           | 1 2 3 4 5 |  5.9
Maces & Flails | 1 2 3 4 5 |  5.9
Polearms       | 1 2 3 4 5 |  5.9
Staves         | 1 2 3 4 5 |  5.9
Slings         | 1 2 3 4 5 |  5.9
Bows           | 1 2 3 4 5 |  5.9
Crossbows      | 1 2 3 4 5 |  5.9
Throwing       | 1 2 3 4 5 |  5.9
Armour         | 1 2 3 4 5 |  5.9
Shields        | 1 2 3 4 5 |  5.9
Unarmed Combat | 1 2 3 4 5 |  5.9
Evocations     | 1 2 3 4 5 |  5.9
Hexes          | 1 2 3 4 |  4.9
Charms         | 1 2 3 4 |  4.9
Necromancy     | 1 2 3 4 |  4.9
Transmutations | 1 2 3 4 |  4.9
Fire Magic     | 1 2 3 4 |  4.9
Ice Magic      | 1 2 3 4 |  4.9
Air Magic      | 1 2 3 4 |  4.9
Earth Magic    | 1 2 3 4 |  4.9
Poison Magic   | 1 2 3 4 |  4.9
Dodging        | 5 6 7 |  7.6
Stealth        | 5 6 7 |  7.3
Spellcasting   | 8 9 |  9.3

Action                   |  1- 3 |  4- 6 |  7- 9 | 10-12 || total
-------------------------+-------+-------+-------+-------++-------
Melee: Unarmed           |    16 |       |       |       ||    16
       Bite              |     2 |    15 |    22 |    42 ||    81
       Short sword       |     6 |     8 |       |       ||    14
       Club              |     3 |       |       |       ||     3
       Dagger            |       |   113 |   177 |   255 ||   545
       Quarterstaff      |       |       |    79 |       ||    79
       Punch             |       |       |     4 |     4 ||     8
       Spear             |       |       |       |    46 ||    46
       Morningstar       |       |       |       |    19 ||    19
       Scimitar          |       |       |       |    20 ||    20
 Fire: Shortbow          |       |       |    23 |       ||    23
Throw: Boomerang         |       |       |     2 |       ||     2
 Cast: Magic Dart        |    36 |    20 |    33 |     3 ||    92
       Call Imp          |    12 |    56 |    34 |    13 ||   115
       Mephitic Cloud    |       |     6 |    13 |     8 ||    27
       Blink             |       |     5 |     3 |     4 ||    12
       Conjure Flame     |       |       |     8 |    11 ||    19
       Searing Ray       |       |       |    15 |     5 ||    20
       Regeneration      |       |       |     1 |     5 ||     6
       Fulminant Prism   |       |       |       |     6 ||     6
Evoke: Wand              |       |       |       |    16 ||    16
  Use: Scroll            |     2 |     1 |     7 |     4 ||    14
       Potion            |     1 |     1 |     8 |       ||    10
 Stab: Sleeping          |     3 |     2 |     4 |     5 ||    14
       Distracted        |       |       |     3 |     1 ||     4
       Confused          |       |       |     7 |     7 ||    14
       Paralysed         |       |       |       |     2 ||     2
  Eat: Chunk             |     3 |     9 |     9 |     9 ||    30
       Ration            |       |       |     2 |     1 ||     3
Armor: Robe              |    10 |       |       |       ||    10
       Leather armour    |       |    14 |    79 |    82 ||   175
Dodge: Dodged            |    26 |   110 |   214 |   175 ||   525
       Rpst.: Scimitar   |       |       |       |     9 ||     9
